 Dungeon Crawl Stone Soup version 0.26.1-2-gb8aa6d0cf2 (webtiles) character file.

Game seed: 8907194996647891168

529 Amaterasu the Cudgeller (level 7, 0/56 HPs)
             Began as a Demonspawn Chaos Knight on Feb 15, 2021.
             Was a Plaything of Xom.
             Slain by a tentacled monstrosity (8 damage)
             ... on level 2 of the Abyss.
             The game lasted 00:09:14 (4374 turns).

Amaterasu the Cudgeller (Demonspawn Chaos Knight)   Turns: 4374, Time: 00:09:14

Health: 0/56       AC: 11    Str: 14      XL:     7   Next: 3%
Magic:  7/7        EV: 13    Int: 10 (11) God:    Xom [......]
Gold:   305        SH:  0    Dex: 12 (13) Spells: 6/6 levels left

rFire    . . .     SeeInvis .   a - +1 mace (chaos)
rCold    . . .     Faith    .   (no shield)
rNeg     . . .     Spirit   .   c - +0 ring mail
rPois    .         Reflect  .   (no helmet)
rElec    .         Harm     .   t - +1 cloak
rCorr    .         Rampage  .   (no gloves)
Will     .....                  (no boots)
Stlth    +.........             (no amulet)
HPRegen  0.18/turn              n - +4 ring of evasion
MPRegen  0.10/turn              p - +4 ring of protection

@: constricted
A: claws 1, demonic guardian 1, deterioration 1, dopey 1, sturdy frame 2
a: Renounce Religion


You were on level 2 of the Abyss.
You worshipped Xom.
You were a very special plaything of Xom.
You visited 1 branch of the dungeon, and saw 4 of its levels.
You visited the Abyss 1 time.

You collected 305 gold pieces.

Inventory:

Hand Weapons
 a - a +1 mace of chaos (weapon)
Armour
 b - a scarf of shadows
 c - a +0 ring mail (worn)
 t - a +1 cloak (worn)
Jewellery
 n - a +4 ring of evasion (left claw)
 p - a +4 ring of protection (right claw)
Scrolls
 d - 2 scrolls of remove curse
Potions
 j - 2 potions of attraction
 l - a potion of flight
 o - a potion of brilliance {unknown}
 q - a potion of cancellation
 r - a potion of curing


   Skills:
 * Level 5.2 Fighting
 * Level 5.7 Maces & Flails
 * Level 2.1 Armour
 * Level 1.7 Dodging


You had 6 spell levels left.
You didn't know any spells.
Your spell library contained the following spells:

 Spells                   Type           Power        Failure   Level
 Magic Dart               Conj           0%           38%         1
 Blink                    Tloc           N/A          54%         2
 Call Imp                 Summ           0%           54%         2
 Slow                     Hex            0%           54%         2
 Conjure Flame            Conj/Fire      0%           77%         3
 Mephitic Cloud           Conj/Pois/Air  0%           77%         3


Dungeon Overview and Level Annotations

Branches:
Dungeon (4/15)
 Temple: D:4-7

Altars:
Vehumet
Wu Jian
Xom

Portals:
Abyss: D:4

Annotations:
D:4 1 transporter, puimuR's ghost, amateur HOMo


Innate Abilities, Weirdness & Mutations

You have sharp fingernails.
A weak demonic guardian rushes to your aid.
Your movements are less encumbered by armour. (ER -4)
Your body sometimes deteriorates upon taking damage.
You are dopey. (Int -2)


Message History

A large abomination comes into view.
Found a gateway leading out of the Abyss.
Okay, then.
It was a potion of cancellation.
You feel magically purged.
The tentacled monstrosity tentacle-slaps you but does no damage.
The tentacled monstrosity tentacle-slaps you.
The tentacled monstrosity tentacle-slaps you!
The tentacled monstrosity misses you.
The tentacled monstrosity tentacle-slaps you but does no damage.
The tentacled monstrosity tentacle-slaps you. x2
* * * LOW HITPOINT WARNING * * *
The tentacled monstrosity grabs you.
* * * LOW HITPOINT WARNING * * *
The tentacled monstrosity constricts you.
The tentacled monstrosity's grasp on you weakens, but your attempt to escape fails.
Your ufetubus hits the tentacled monstrosity but does no damage.
Your ufetubus hits the tentacled monstrosity.
The tentacled monstrosity tentacle-slaps you!
You die...
Xom guffaws!

.# . . ##. .###. # ..
#∩#. # # #... . .
...# .#.## ## ###
##..# ..##.. ###.##
.X. # # ...
#(...####.##.# # ##
#..###.#.##@..#
.#.#.#......3#.5X.#.#
#.# ....#.#X#§###.#
...#.#.##.## #.. ..#
#.#.§.5#.# .#.# . #.#
#.#..#..# ## # # #.
#.#§.##.. #..
#..#X.§§#.#
#...###...##..##


You could see a tentacled monstrosity, a large abomination and a friendly
ufetubus (summoned).

Vanquished Creatures
  A human (D:4)
  A small abomination (D:4)
  A scorpion (D:4)
  A hound (D:4)
  A centaur skeleton (D:4)
  A worker ant (D:4)
  A hound skeleton (D:4)
  3 gnolls
  4 adders
  A white imp (D:4)
  3 worms
  4 leopard geckos
  2 orcs (D:4)
  A ball python (D:1)
  6 goblins
  3 hobgoblins
  3 jackals (D:2)
  5 kobolds
  A quokka (D:3)
  10 bats
  4 frilled lizards
  3 rats
60 creatures vanquished.

Vanquished Creatures (collateral kills)
  Dowan (D:4)
  2 orc priests (D:4)
  An adder (D:4)
  A gnoll (D:4)
  2 orcs (D:4)
  A ball python skeleton (D:4)
8 creatures vanquished.

Vanquished Creatures (others)
  2 plants (D:3)
2 creatures vanquished.

Grand Total: 70 creatures vanquished

Notes
Turn   | Place    | Note
-------+----------+-------------------------------------------
     0 | D:1      | Amaterasu the Demonspawn Chaos Knight began the quest for
                  | the Orb.
     0 | D:1      | Reached XP level 1. HP: 18/18 MP: 1/1
   123 | D:1      | XOM: divination: detect items
   341 | D:1      | Gained mutation: Your movements are slightly less
                  | encumbered by armour. (ER -2) [demonic ancestry]
   341 | D:1      | Reached XP level 2. HP: 17/24 MP: 2/2
   440 | D:1      | XOM: summons 2 hostile demons
   441 | D:1      | Noticed a crimson imp
   830 | D:2      | Gained mutation: You have sharp fingernails. [demonic
                  | ancestry]
   830 | D:2      | Reached XP level 3. HP: 20/29 MP: 3/3
   931 | D:2      | XOM: give mutations
   931 | D:2      | Gained mutation: Scrolls take you a little longer to read.
                  | [Xom's mischief]
   931 | D:2      | Gained mutation: You are dopey. (Int -2) [Xom's mischief]
   931 | D:2      | Lost mutation: Scrolls take you a little longer to read.
                  | [Xom's mischief]
   997 | D:2      | XOM: polymorph ooze -> gnoll
  1151 | D:2      | Found an ornate altar of the Wu Jian Council.
  1362 | D:2      | XOM: summons 2 hostile demons
  1693 | D:1      | XOM: summons 2 hostile demons
  2175 | D:3      | Reached XP level 4. HP: 37/37 MP: 4/4
  2386 | D:3      | XOM: stat loss: -1 Str (12/13)
  2512 | D:3      | XOM: 4-stop teleportation journey
  2769 | D:3      | Found a radiant altar of Vehumet.
  2833 | D:3      | Found a shimmering altar of Xom.
  2836 | D:3      | Found a shimmering altar of Xom.
  2836 | D:3      | Found a shimmering altar of Xom.
  2991 | D:3      | XOM: summons 3 hostile demons
  3055 | D:4      | XOM: silly message
  3141 | D:4      | XOM: confusion
  3144 | D:4      | XOM: potion effect (heal wounds)
  3148 | D:4      | XOM: swap monsters
  3153 | D:4      | XOM: confusion (+ monsters)
  3156 | D:4      | XOM: summons friendly iron imp
  3165 | D:4      | Gained mutation: A weak demonic guardian rushes to your
                  | aid. [demonic ancestry]
  3165 | D:4      | Reached XP level 5. HP: 42/42 MP: 5/5
  3264 | D:4      | Noticed Duvessa
  3264 | D:4      | Noticed Dowan
  3267 | D:4      | XOM: enchant monster (bad)
  3273 | D:4      | XOM: enchant monster (good)
  3280 | D:4      | Noticed Duvessa
  3280 | D:4      | Duvessa changed into Duvessa the human
  3280 | D:4      | XOM: polymorph Duvessa -> Duvessa the human
  3286 | D:4      | Killed Duvessa the human
  3287 | D:4      | Reached skill level 5 in Maces & Flails
  3292 | D:4      | Reached skill level 5 in Fighting
  3292 | D:4      | Reached XP level 6. HP: 14/51 MP: 6/6
  3303 | D:4      | Killed Dowan
  3304 | D:4      | Reached skill level 1 in Dodging
  3342 | D:4      | XOM: 2-stop teleportation journey
  3548 | D:4      | XOM: summons 1 hostile shadow creature
  3590 | D:4      | Noticed puimuR's ghost (amateur HOMo)
  3599 | D:4      | Found a transporter.
  3601 | D:4      | Found a one-way gate to the infinite horrors of the Abyss.
  3601 | D:4      | Identified the +6 short sword of Action {distort, +Inv
                  | Int+3}
  3604 | D:4      | Noticed a small abomination
  3618 | D:4      | Noticed a small abomination
  3667 | D:4      | Found a transporter.
  3736 | D:4      | XOM: noise
  3828 | D:4      | XOM: give mutation
  3828 | D:4      | Gained mutation: Your body sometimes deteriorates upon
                  | taking damage. [Xom's mischief]
  3865 | D:4      | XOM: 5-stop teleportation journey
  4124 | D:4      | XOM: confusion (+ monsters)
  4124 | D:4      | Killed a small abomination
  4125 | D:4      | Gained mutation: Your movements are less encumbered by
                  | armour. (ER -4) [demonic ancestry]
  4125 | D:4      | Reached XP level 7. HP: 48/56 MP: 7/7
  4128 | D:4      | Cast into level 1 of the Abyss (big kobold)
  4128 | Abyss:1  | Found a corrupted altar of Lugonu.
  4148 | Abyss:1  | Noticed a large abomination
  4153 | Abyss:1  | XOM: polymorph large abomination -> large abomination
  4191 | Abyss:1  | Noticed a neqoxec
  4220 | Abyss:1  | Noticed a large abomination
  4226 | Abyss:1  | Noticed a brown very ugly thing
  4227 | Abyss:1  | Noticed a small abomination
  4231 | Abyss:1  | Noticed a tentacled starspawn
  4269 | Abyss:1  | Noticed a worldbinder
  4274 | Abyss:1  | Noticed a deep elf mage
  4282 | Abyss:1  | Noticed a deep elf mage
  4294 | Abyss:1  | Noticed a raiju
  4295 | Abyss:1  | XOM: enchant monster (bad)
  4297 | Abyss:1  | Noticed a raiju
  4297 | Abyss:1  | Noticed a raiju
  4305 | Abyss:1  | Noticed a raiju
  4362 | Abyss:2  | Noticed a large abomination
  4362 | Abyss:2  | XOM: stat loss: -1 Int (10/11)
  4364 | Abyss:2  | Noticed a smoke demon
  4368 | Abyss:2  | Noticed a tentacled monstrosity
  4371 | Abyss:2  | Noticed a large abomination
  4374 | Abyss:2  | Slain by a tentacled monstrosity

Illustrated notes

Levels and vault maps discovered:
D:1:      ebering_trefoil_3fold, layout_loops_corners,
          chequers_serial_rivers_micro_c
D:2:      layout_rooms, overflow_temple_1_default, minmay_cut_off
D:3:      layout_basic, xom_redecorated, lemuel_coloured_pillars_altar,
          serial_bayou_crossing
D:4:      layout_basic, gammafunk_ghost_abyssal_escape, uniq_duvessa
Abyss:2:  base: D:4, guppyfry_abyss_exit_glass_guarded

Skill      XL: |  1  2  3  4  5  6 |
---------------+-------------------+-----
Maces & Flails | 3 4 5 |  5.7
Fighting       | 4 5 |  5.2
Dodging        | 1 |  1.7
Armour         | 2 |  2.1

Action                   |  1- 3 |  4- 6 |  7- 9 || total
-------------------------+-------+-------+-------++-------
Melee: Mace              |   149 |   109 |     1 ||   259
  Use: Potion            |     1 |     3 |     1 ||     5
       Scroll            |    10 |     6 |     3 ||    19
 Stab: Paralysed         |     1 |     2 |       ||     3
       Sleeping          |     1 |       |       ||     1
Armor: Leather armour    |    47 |    20 |       ||    67
       Skin              |       |     9 |       ||     9
       Ring mail         |       |    26 |     7 ||    33
Dodge: Dodged            |   109 |    98 |    14 ||   221
